 Dungeon Crawl Stone Soup version 0.24.0-10-g970556be89 (webtiles) character file.

Game seed: 17959840348782233498, levelgen mode: deterministic

89698 inmateoo the Martial Artist (level 15, -3/132 (134) HPs)
             Began as a Demonspawn Venom Mage on Nov 4, 2019.
             Was the Champion of Cheibriados.
             Slain by an orc knight
             ... wielding a +0 broad axe
              (34 damage)
             ... on level 2 of the Orcish Mines.
             The game lasted 00:51:11 (24995 turns).

inmateoo the Martial Artist (DsVM)                 Turns: 24995, Time: 00:51:11

HP:   -3/132 (134)  AC: 17    Str: 22    XL:     15   Next: 50%
MP:   16/38         EV: 21    Int: 37    God:    Cheibriados [******]
Gold: 3140          SH:  0    Dex: 33    Spells: 7/34 levels left

rFire    . . .     SeeInvis .   t - +9 flail (protect)
rCold    . . .     Gourm    .   (no shield)
rNeg     . . .     Faith    .   I - +0 steam dragon scales
rPois    .         Spirit   .   (helmet unavailable)
rElec    +         Reflect  .   q - +5 cloak of Pandemonium {rElec Str-2 Dex+4}
rCorr    .         Harm     .   (no gloves)
MR       +....                  B - +1 pair of boots {Fly}
Stlth    +++.......             p - amulet of regeneration
HPRegen  0.72/turn              E - ring of magical power
MPRegen  0.26/turn              C - +1 ring of evasion

@: about to teleport, very slow
A: horns 3, rugged brown scales 3, demonic guardian 1, robust 1
a: Bend Time, Temporal Distortion, Slouch, Step From Time, Renounce Religion,
Evoke Flight


You were on level 2 of the Orcish Mines.
You worshipped Cheibriados.
Cheibriados was exalted by your worship.
You were not hungry.

You visited 4 branches of the dungeon, and saw 24 of its levels.

You collected 3224 gold pieces.
You spent 84 gold pieces at shops.

Inventory:

Hand Weapons
 t - a +9 flail of protection (weapon)
 L - the +7 great mace "Undeadhunter" {disrupt, rN+}
   (You found it on level 5 of the Lair of Beasts)

   It protects you from negative energy.
Armour
 q - the +5 cloak of Pandemonium (worn) {rElec Str-2 Dex+4}
   (You found it on level 4 of the Dungeon)

   It affects your strength (-2).
   It affects your dexterity (+4).
   It insulates you from electricity.
 B - a +1 pair of boots of flying (worn)
 I - +0 steam dragon scales (worn)
Magical Staves
 N - an uncursed staff of earth {unknown}
Jewellery
 b - an uncursed ring of flight
 p - an amulet of regeneration (around neck)
 C - a +1 ring of evasion (right hand)
 E - a ring of magical power (left hand)
Wands
 k - a wand of iceblast (5)
 u - a wand of enslavement (9)
 v - a wand of polymorph (19)
 D - a wand of flame (28)
 G - a wand of paralysis (7)
Scrolls
 f - 12 scrolls of teleportation
 h - 5 scrolls of amnesia
 i - 17 scrolls of remove curse
 o - 5 scrolls of enchant armour
 r - 3 scrolls of fog
 s - 2 scrolls of blinking
 w - 5 scrolls of magic mapping
 F - a scroll of enchant weapon
 K - 4 scrolls of identify
 Q - 3 scrolls of fear
Potions
 a - 6 potions of lignification
 e - 6 potions of heal wounds
 g - a potion of ambrosia
 j - 4 potions of curing
 l - 3 potions of invisibility
 m - 5 potions of might
 n - 10 potions of brilliance
 x - a potion of cancellation
 z - a potion of magic
 A - 2 potions of mutation
 R - a potion of flight
Miscellaneous
 H - a box of beasts
 O - a phantom mirror
 P - a phial of floods
Comestibles
 c - 43 rations


   Skills:
 - Level 10.0 Fighting
 - Level 4.0 Armour
 - Level 7.0 Dodging
 - Level 1.7 Stealth
 + Level 13.1 Unarmed Combat
 - Level 10.0 Spellcasting
 - Level 4.1 Conjurations
 - Level 10.0 Necromancy
 - Level 4.0 Ice Magic
 - Level 12.0 Poison Magic
 - Level 10.1 Invocations


You had 7 spell levels left.
You knew the following spells:

 Your Spells              Type           Power        Failure   Level  Hunger
a - Sting                 Conj/Pois      ####         1%          1    None
b - Poisonous Vapours     Pois/Air       ######       1%          2    None
c - Mephitic Cloud        Conj/Pois/Air  ######..     1%          3    None
d - Olgreb's Toxic Radia  Pois           #######.     1%          4    None
e - Throw Icicle          Conj/Ice       #####...     4%          4    None
f - Regeneration          Chrm/Necr      ######....   1%          3    None
g - Agony                 Necr           #######.     1%          5    ##.....
h - Dispel Undead         Necr           #######.     1%          5    ##.....

Your spell library contained the following spells:

 Spells                   Type           Power        Failure   Level  Hunger
 Animate Skeleton         Necr           N/A          1%          1    None
 Freeze                   Ice            ####         1%          1    None
 Pain                     Necr           ####         1%          1    None
 Corpse Rot               Necr           N/A          1%          2    None
 Sublimation of Blood     Necr           #######...   1%          2    None
 Throw Frost              Conj/Ice       #####.       1%          2    None
 Ignite Poison            Fire/Tmut/Pois #####...     1%          3    None
 Vampiric Draining        Necr           #######...   1%          3    None
 Animate Dead             Necr           N/A          1%          4    None
 Sandblast                Erth           ###...       2%          1    None
 Conjure Flame            Conj/Fire      ####....     2%          3    None
 Ozocubu's Armour         Chrm/Ice       ####....     2%          3    None
 Stone Arrow              Conj/Erth      ####..       2%          3    None
 Venom Bolt               Conj/Pois      ######....   2%          5    ##.....
 Passwall                 Tmut/Erth      ###.....     3%          2    None
 Bolt of Draining         Conj/Necr      ######....   3%          5    ##.....
 Spectral Weapon          Hex/Chrm       ###.....     6%          3    None
 Excruciating Wounds      Chrm/Necr      ######....   8%          5    ##.....
 Summon Ice Beast         Ice/Summ       ####....     10%         4    None
 Petrify                  Tmut/Erth      ###.....     22%         4    None
 Lee's Rapid Deconstruct  Erth           ###.......   52%         5    ##.....
 Freezing Cloud           Conj/Ice/Air   #####.....   73%         6    ####...
 Ring of Flames           Chrm/Fire      ###.......   100%        7    ######.


Dungeon Overview and Level Annotations

Branches:
Dungeon (15/15)            Temple (1/1) D:4            Lair (6/6) D:10
  Swamp (0/4) Lair:4       Spider (0/4) Lair:4        Slime (0/5) Lair:5
    Orc (2/2) D:10            Elf (0/3) Orc:2        Vaults (0/5) D:13
 Depths (0/5) D:15

Altars:
Ashenzari
Cheibriados
Dithmenos
Elyvilon
Fedhas
Gozag
Hepliaklqana
Kikubaaqudgha
Makhleb
Nemelex Xobeh
Okawaru
Qazlal
Ru
Sif Muna
Trog
Uskayaw
Vehumet
Wu Jian
Xom
Yredelemnul
Zin
The Shining One
Jiyva

Shops:
D:4 [   D:8 *   D:9 =   D:10 *   D:14 %   Orc:2 [

Annotations:
Lair:3 1 runed translucent door, stickyfingers's ghost, adept KoSk
Lair:6 exclusion: 4 oklob plants


Innate Abilities, Weirdness & Mutations

You have a pair of large horns on your head.
You are completely covered in rugged brown scales. (AC +3, +7% HP)
A weak demonic guardian rushes to your aid.
You are robust. (+10% HP)


Message History

An orc sorcerer comes into view.
It is wielding a +0 dagger and wearing a +2 robe of cold resistance.
The orc warrior is engulfed in noxious fumes.
The orc warrior appears confused.
The orc knight is engulfed in noxious fumes.
The orc knight appears confused.
The orc knight barely misses the orc warrior.
Unknown command.
Unknown command.
Something hits the orc knight!
An orc knight comes into view. It is wielding a +3 halberd.
The orc knight is engulfed in noxious fumes.
The orc knight appears confused.
The orc knight shouts, "What's happening?!"
The orc knight hits something with a +0 battleaxe!!
The orc knight hits your shadow imp with a +0 battleaxe!!
Your shadow imp is killed!
The orc knight hits itself with a +0 battleaxe.
The orc knight noisily roars encouragement to no one in particular.
The orc knight hits you with a +0 broad axe!!
You die...

....#....#..........##......##
#######.###########.......####
######.###### #.......##.##
#...........### ##..........#
...####.####...##
#........#.##
#.######..###....#..>##.###
#.#...###..##..............
#.#..)☼☼##.##..............
#.#.ooo§§#@##..............
... #o)o)##...<.....#.... ..
##.)###......#...#.#. #.)#
#.#.......####. o..#
##.......## # ##..# #..(.#...#
..## #...###.## .∩# #....####
## #..(##


You could see 3 orc knights.

Vanquished Creatures
  Rupert (Lair:6)
  A stone giant (Orc:2)
  Nessos (D:13)
  Snorg (D:13)
  2 fire dragons (D:15)
  Harold (D:8)
  9 hydras
  A merfolk avatar (Lair:6)
  3 centaur warriors
  7 two-headed ogres
  3 tengu warriors
  4 orc high priests
  A shadow wraith (D:13)
  2 unseen horrors
  A deep troll (D:13)
  A sea snake (Lair:6)
  A harpy (shapeshifter) (D:13)
  4 lindwurms (Lair:5)
  2 harpies (Lair:6)
  5 orc sorcerers
  2 deep elf magi
  An oklob plant (Lair:6)
  3 orc knights
  A wolf spider zombie (D:14)
  11 ugly things
  5 cyclopes
  Maurice (D:9)
  An elephant (Lair:6)
  4 manticores
  5 black mambas
  2 gargoyles
  A kobold demonologist (D:15)
  12 spiny frogs
  7 komodo dragons
  6 rime drakes
  4 polar bears (Lair:6)
  A tengu conjurer (D:13)
  3 hornets
  Prince Ribbit (D:8)
  7 trolls
  9 blink frogs
  A tyrant leech (Lair:4)
  A wind drake (Lair:6)
  12 dream sheep
  14 slime creatures
  A meliai zombie (D:13)
  5 hippogriffs
  A shadow (D:13)
  2 wraiths (D:14)
  4 redbacks (Lair:4)
  A vampire (D:13)
  3 wyverns
  14 yaks
  Eustachio (D:5)
  A steam dragon (Lair:3)
  4 basilisks
  2 hogs (D:12)
  4 vampire mosquitoes (D:15)
  A human (D:12)
  A hungry ghost (D:14)
  Edmund (D:5)
  3 wargs
  2 swamp worms (Lair:4)
  14 water moccasins
  A soldier ant (D:13)
  6 porcupines
  21 orc warriors
  Duvessa (D:5)
  A hornet zombie (D:15)
  4 phantoms
  6 sky beasts
  A black bear (D:11)
  4 ice beasts
  18 ogres
  6 necrophages
  7 centaurs
  12 wolves
  9 crocodiles
  Blork the orc (D:4)
  3 big kobolds (D:15)
  10 bullfrogs
  A gnoll sergeant (D:8)
  Dowan (D:5)
  3 wyvern skeletons
  5 scorpions
  3 jellies
  7 killer bees (D:11)
  5 howler monkeys
  10 wights
  2 electric eels
  7 centaur zombies
  3 crimson imps
  Crazy Yiuf (D:3)
  9 centaur skeletons
  6 hounds
  4 bullfrog skeletons
  17 orc priests
  A wyvern simulacrum (D:9)
  22 orc wizards
  5 iguanas
  15 worker ants
  3 centaur simulacra
  2 human simulacra (D:14)
  2 hound skeletons
  A howler monkey skeleton (D:5)
  13 gnolls
  10 adders
  8 shadow imps
  4 white imps (D:9)
  3 ufetubi (D:9)
  4 oozes
  An adder zombie (D:6)
  An adder skeleton (D:8)
  2 worms
  3 dart slugs
  An adder simulacrum (D:9)
  6 leopard geckos
  84 orcs
  8 giant cockroaches
  10 hobgoblins
  4 jackals
  9 kobolds
  5 quokkas
  10 bats
  5 frilled lizards
  8 goblins
  A leopard gecko simulacrum (D:9)
  2 leopard gecko skeletons
  7 rats
686 creatures vanquished.

Vanquished Creatures (collateral kills)
  A centaur warrior (D:15)
  2 hydras
  An ugly thing (D:13)
  A black mamba (Lair:2)
  2 spiny frogs
  A rime drake (Lair:6)
  A troll (D:11)
  A dream sheep (Lair:2)
  2 yaks
  An acid dragon (D:15)
  An ice beast (D:9)
  A crocodile (Lair:4)
  2 wolves (Lair:2)
  2 killer bees (D:11)
  A hound skeleton (D:11)
  A white imp (D:9)
  2 orcs
23 creatures vanquished.

Vanquished Creatures (others)
  An ogre mage (D:15)
  A sky beast (D:13)
  14 fungi
  25 plants (Lair:6)
41 creatures vanquished.

Grand Total: 750 creatures vanquished

Notes
Turn   | Place    | Note
-------+----------+-------------------------------------------
     0 | D:1      | inmateoo the Demonspawn Venom Mage began the quest for the
                  | Orb.
     0 | D:1      | Reached XP level 1. HP: 13/13 MP: 3/3
   100 | D:1      | Gained mutation: You have a pair of small horns on your
                  | head. [demonic ancestry]
   100 | D:1      | Reached XP level 2. HP: 2/19 MP: 0/5
   398 | D:1      | Learned a level 2 spell: Poisonous Vapours
   862 | D:1      | Gained mutation: You have a pair of horns on your head.
                  | [demonic ancestry]
   862 | D:1      | Reached XP level 3. HP: 24/24 MP: 2/6
  1446 | D:2      | Learned a level 3 spell: Mephitic Cloud
  1499 | D:2      | Reached XP level 4. HP: 25/30 MP: 4/7
  2108 | D:2      | Reached skill level 5 in Poison Magic
  2562 | D:3      | Reached skill level 1 in Unarmed Combat
  2562 | D:3      | Reached XP level 5. HP: 36/36 MP: 1/8
  2672 | D:3      | Reached skill level 1 in Fighting
  3249 | D:3      | Found a runed translucent door.
  3250 | D:3      | Noticed Crazy Yiuf
  3584 | D:3      | Killed Crazy Yiuf
  3584 | D:3      | Reached XP level 6. HP: 43/43 MP: 6/10
  3909 | D:4      | Noticed Blork the orc
  3918 | D:4      | Killed Blork the orc
  4390 | D:4      | Reached skill level 2 in Unarmed Combat
  4390 | D:4      | Reached XP level 7. HP: 14/50 MP: 11/13
  4564 | D:4      | Found a staircase to the Ecumenical Temple.
  4597 | Temple   | Entered the Ecumenical Temple
  4761 | Temple   | Became a worshipper of Cheibriados the Contemplative
  4816 | D:4      | Got a steaming cloak
  4827 | D:4      | Identified the +5 cloak of Pandemonium {rElec Str-2 Dex+4}
                  | (You found it on level 4 of the Dungeon)
  5489 | D:4      | Reached skill level 3 in Unarmed Combat
  5743 | D:4      | Found an opulent altar of Gozag.
  5992 | D:4      | Found Veih's Antique Armour Boutique.
  6051 | D:4      | Reached * piety under Cheibriados
  6217 | D:5      | Entered Level 5 of the Dungeon
  6268 | D:5      | Reached skill level 4 in Unarmed Combat
  6268 | D:5      | Gained mutation: You have a pair of large horns on your
                  | head. [demonic ancestry]
  6268 | D:5      | Reached XP level 8. HP: 47/60 MP: 11/14
  6321 | D:5      | Learned a level 4 spell: Olgreb's Toxic Radiance
  6443 | D:5      | Noticed Edmund
  6462 | D:5      | Killed Edmund
  6695 | D:5      | Noticed Eustachio
  6714 | D:5      | Killed Eustachio
  6714 | D:5      | Reached skill level 5 in Unarmed Combat
  6790 | D:5      | Reached skill level 5 in Fighting
  6889 | D:5      | Noticed Duvessa
  6890 | D:5      | Noticed Dowan
  6901 | D:5      | Killed Duvessa
  6901 | D:5      | Reached skill level 1 in Invocations
  6901 | D:5      | Killed Dowan
  7253 | D:6      | Found a burning altar of Makhleb.
  7253 | D:6      | Noticed an Executioner
  7257 | D:6      | Noticed a smoke demon
  7257 | D:6      | Noticed an orange demon
  7439 | D:6      | Reached skill level 1 in Armour
  7439 | D:6      | Reached skill level 6 in Unarmed Combat
  8064 | D:7      | Reached ** piety under Cheibriados
  8082 | D:7      | Gained mutation: You are partially covered in rugged brown
                  | scales. (AC +1, +3% HP) [demonic ancestry]
  8082 | D:7      | Reached XP level 9. HP: 59/68 MP: 13/15
  8765 | D:8      | Found Ubuk's Assorted Antiques.
  8768 | D:8      | Bought a sedimented ruby potion for 27 gold pieces
  8768 | D:8      | Bought a sedimented blue potion for 27 gold pieces
  8768 | D:8      | Bought a scroll labeled WAWNANTONADGH for 30 gold pieces
  8792 | D:8      | Noticed Prince Ribbit
  8820 | D:8      | Killed Prince Ribbit
  9092 | D:8      | Noticed Harold
  9105 | D:8      | Killed Harold
  9105 | D:8      | Reached skill level 5 in Spellcasting
  9105 | D:8      | Reached skill level 5 in Invocations
  9207 | D:8      | Noticed a cyclops
  9215 | D:8      | Killed a cyclops
  9215 | D:8      | Reached *** piety under Cheibriados
  9215 | D:8      | Reached skill level 7 in Unarmed Combat
  9215 | D:8      | Gained mutation: A weak demonic guardian rushes to your
                  | aid. [demonic ancestry]
  9215 | D:8      | Reached XP level 10. HP: 44/76 MP: 4/18
  9967 | D:9      | Noticed Maurice
 10000 | D:9      | Killed Maurice
 10096 | D:9      | Reached **** piety under Cheibriados
 10318 | D:9      | Found Nanoum's Jewellery Shoppe.
 10604 | D:10     | Entered Level 10 of the Dungeon
 10675 | D:10     | Killed an unseen horror
 10804 | D:10     | Noticed a two-headed ogre
 10815 | D:10     | Killed a two-headed ogre
 10920 | D:10     | Found Ruxtozao's Assorted Antiques.
 11162 | D:10     | Found a staircase to the Lair.
 11239 | D:10     | Reached XP level 11. HP: 49/82 MP: 8/21
 11318 | D:10     | Found a staircase to the Orcish Mines.
 11389 | D:11     | Noticed a cyan ugly thing
 11391 | D:11     | Reached ***** piety under Cheibriados
 11397 | D:11     | Killed a cyan ugly thing
 11434 | D:11     | Noticed a white ugly thing
 11446 | D:11     | Killed a white ugly thing
 11446 | D:11     | Reached skill level 8 in Unarmed Combat
 11587 | D:11     | Noticed a red ugly thing
 11603 | D:11     | Killed a red ugly thing
 11813 | D:11     | Noticed a five-headed hydra
 11826 | D:11     | Killed a five-headed hydra
 12025 | D:11     | Noticed a two-headed ogre
 12033 | D:11     | Killed a two-headed ogre
 12500 | D:11     | Noticed a two-headed ogre
 12508 | D:11     | Killed a two-headed ogre
 12725 | D:12     | Noticed a five-headed hydra
 12731 | D:12     | Killed a five-headed hydra
 12802 | D:12     | Reached ****** piety under Cheibriados
 12839 | D:12     | Learned a level 4 spell: Throw Icicle
 13127 | Lair:1   | Entered Level 1 of the Lair of Beasts
 13190 | Lair:1   | Reached skill level 1 in Ice Magic
 13290 | Lair:1   | Gained mutation: You are mostly covered in rugged brown
                  | scales. (AC +2, +5% HP) [demonic ancestry]
 13290 | Lair:1   | Reached XP level 12. HP: 68/93 MP: 22/22
 13374 | Lair:1   | Reached skill level 9 in Unarmed Combat
 13970 | Lair:2   | Noticed an eight-headed hydra
 13978 | Lair:2   | HP: 4/93 [eight-headed hydra (14)]
 14169 | Lair:2   | Reached skill level 10 in Poison Magic
 14174 | Lair:2   | Killed an eight-headed hydra
 14174 | Lair:2   | Reached skill level 10 in Invocations
 14291 | Lair:2   | Noticed a four-headed hydra
 14297 | Lair:2   | Killed a four-headed hydra
 14423 | Lair:2   | Identified Sif Muna's Incunabulum of Helpful Envenoming
 14429 | Lair:2   | Learned a level 3 spell: Regeneration
 14501 | Lair:2   | Noticed an eight-headed hydra
 14506 | Lair:2   | Killed an eight-headed hydra
 14648 | Lair:2   | Reached skill level 10 in Unarmed Combat
 15187 | Lair:3   | Found a runed translucent door.
 15289 | Lair:3   | Reached skill level 1 in Necromancy
 15309 | Lair:3   | Noticed a death yak
 15309 | Lair:3   | Noticed stickyfingers's ghost (adept KoSk)
 15980 | Lair:4   | Found a staircase to the Swamp.
 16010 | Lair:4   | Found a hole to the Spider Nest.
 16334 | Lair:4   | Noticed a six-headed hydra
 16342 | Lair:4   | Killed a six-headed hydra
 16829 | Lair:5   | Reached XP level 13. HP: 88/100 MP: 24/24
 17056 | Lair:5   | Reached skill level 5 in Dodging
 17286 | Lair:5   | Found a viscous altar of Jiyva.
 17286 | Lair:5   | Found a staircase to the Slime Pits.
 17786 | Lair:5   | Found the +7 great mace "Undeadhunter" {disrupt, rN+}
 17810 | Lair:5   | Got an iridescent arbalest
 17870 | Lair:6   | Entered Level 6 of the Lair of Beasts
 18012 | Lair:6   | Learned a level 5 spell: Agony
 18064 | Lair:6   | Noticed Rupert
 18546 | Lair:6   | Killed Rupert
 18546 | Lair:6   | Reached skill level 5 in Necromancy
 19200 | Lair:6   | Reached skill level 11 in Unarmed Combat
 19331 | Lair:6   | Gained mutation: You are completely covered in rugged brown
                  | scales. (AC +3, +7% HP) [demonic ancestry]
 19331 | Lair:6   | Reached XP level 14. HP: 57/111 MP: 26/26
 20333 | D:12     | Found a bloodstained altar of Trog.
 20765 | D:13     | Found a gate to the Vaults.
 20829 | D:13     | Noticed Nessos
 20844 | D:13     | Killed Nessos
 21123 | D:13     | Noticed Snorg
 21134 | D:13     | Killed Snorg
 21904 | D:13     | Learned a level 5 spell: Dispel Undead
 22012 | D:14     | Reached skill level 10 in Fighting
 22118 | D:14     | Found Jimuranu's Food Emporium.
 22281 | D:15     | Entered Level 15 of the Dungeon
 22544 | D:15     | Gained mutation: You are robust. (+10% HP) [demonic
                  | ancestry]
 22544 | D:15     | Reached XP level 15. HP: 90/132 MP: 28/28
 22717 | D:15     | Reached skill level 12 in Unarmed Combat
 22719 | D:15     | Reached skill level 10 in Spellcasting
 23319 | D:15     | Found a staircase to the Depths.
 23797 | Orc:1    | Entered Level 1 of the Orcish Mines
 24103 | Orc:2    | Entered Level 2 of the Orcish Mines
 24201 | Orc:2    | Found a staircase to the Elven Halls.
 24570 | Orc:2    | Reached skill level 10 in Necromancy
 24965 | Orc:2    | Found Pavatac's Armour Emporium.
 24986 | Orc:2    | Reached skill level 13 in Unarmed Combat
 24995 | Orc:2    | Slain by an orc knight

Levels and vault maps discovered:
D:1:      psy_arrival_statuary, layout_loops_cross, minmay_vboxes
D:2:      layout_basic, minmay_cupped
D:3:      layout_basic, uniq_crazy_yiuf_cottage
D:4:      layout_rooms, nicolae_gozag_cash_rules_everything_around_me,
          minmay_temple_entry_drinking_statues, serial_shops, shop,
          uniq_blork_the_orc
D:5:      layout_rooms, first_ration, uniq_eustachio, uniq_edmund, uniq_duvessa
D:6:      layout_basic, makhleb_altar_promises_db
D:7:      layout_gridville
D:8:      layout_basic, serial_shops, nicolae_shop_behind_doors,
          uniq_prince_ribbit1, uniq_harold
D:9:      layout_basic, serial_shops, shop, serial_ice, serial_ice_c,
          serial_ice_i, serial_ice_d, serial_ice_o, serial_ice_n, serial_ice_a,
          uniq_maurice
D:10:     layout_basic, lair_entry_dummy, david_orc_4, serial_shops,
          nicolae_shop_trees
D:11:     layout_loops_corners
D:12:     layout_long_grid, grunt_livestock, bloody_trog
D:13:     cheibrodos_ideogram_h, layout_cave_pools, david_vaults_4, uniq_nessos,
          uniq_snorg
D:14:     layout_rooms, chequers_jeans, serial_shops, shop, bh_circular_ruins
D:15:     grunt_enter_depths_hoard, layout_grid_maze, hangedman_decor_lopped,
          lemuel_nasty_fountain
Temple:   roderic_octagonal_lattice_temple
Lair:1:   layout_chaotic_city, lemuel_fruit_fields
Lair:2:   layout_hall_layers, infiniplex_staircase_pool_2, lemuel_fruit_tree
Lair:3:   statuecave_lemuel, layout_loops_ring, ebering_ghost_inner_flame,
          chequers_serial_rivers_room_b, roderic_carrion_pond
Lair:4:   layout_roguey, minmay_swamp_entry_worms, spider_nest_entry_webs
Lair:5:   layout_layer_cave, dpeg_slime_entry_enclosed_altar,
          minmay_lindwurm_lava, grunt_megastairs_4
Lair:6:   gammafunk_lair_ancient_temple, layout_cave_pods,
          minmay_lair_oklob_chamber, uniq_rupert
Orc:1:    layout_caves
Orc:2:    st_orc_elflike, layout_caves

Skill      XL: |  1  2  3  4  5  6  7  8  9 10 11 12 13 14 15 |
---------------+----------------------------------------------+-----
Poison Magic   | 4 5 6 7 9 10 11 12 | 12.0
Unarmed Combat | 1 2 4 6 7 8 10 11 13 | 13.1
Fighting       | 1 2 4 5 6 7 8 10 | 10.0
Spellcasting   | 3 4 5 6 7 8 9 10 | 10.0
Invocations    | 3 5 6 9 10 | 10.1
Armour         | 1 2 4 |  4.0
Dodging        | 3 4 6 7 |  7.0
Conjurations   | 3 4 |  4.1
Ice Magic      | 1 4 |  4.0
Necromancy     | 3 5 8 10 | 10.0
Stealth        | |  1.7

Action                   |  1- 3 |  4- 6 |  7- 9 | 10-12 | 13-15 || total
-------------------------+-------+-------+-------+-------+-------++-------
Melee: Unarmed           |    57 |    36 |   173 |     6 |       ||   272
       Headbutt          |     6 |    18 |    53 |   146 |   308 ||   531
       Dagger            |       |    71 |       |       |       ||    71
       Quarterstaff      |       |    29 |     2 |       |       ||    31
       Punch             |       |       |     5 |    37 |    52 ||    94
       Flail             |       |       |   141 |   430 |   698 ||  1269
       Great mace        |       |       |       |       |     2 ||     2
Throw: Dart              |    17 |     3 |     2 |     5 |       ||    27
 Cast: Sting             |    50 |    32 |    20 |       |     1 ||   103
       Poisonous Vapours |     1 |    21 |    74 |    48 |    51 ||   195
       Mephitic Cloud    |       |       |     3 |     9 |    17 ||    29
       Olgreb's Toxic Ra |       |       |     1 |    17 |    60 ||    78
       Throw Icicle      |       |       |       |    22 |    26 ||    48
       Agony             |       |       |       |       |    33 ||    33
       Dispel Undead     |       |       |       |       |     2 ||     2
       Regeneration      |       |       |       |       |     4 ||     4
Invok: Slouch            |       |       |       |     1 |     4 ||     5
 Abil: Stop Flying       |       |       |       |     1 |     1 ||     2
       Evoke Flight      |       |       |       |       |     1 ||     1
Evoke: Wand              |       |       |       |    12 |     7 ||    19
       Box of beasts     |       |       |       |     2 |     2 ||     4
  Use: Scroll            |     5 |     5 |     6 |    14 |     9 ||    39
       Potion            |       |       |       |     2 |       ||     2
 Stab: Sleeping          |     1 |     2 |     5 |     9 |     5 ||    22
       Confused          |       |       |     2 |     1 |     3 ||     6
       Distracted        |       |       |       |     8 |     9 ||    17
  Eat: Chunk             |     3 |    10 |     8 |     8 |    12 ||    41
       Ration            |       |       |     1 |     2 |     2 ||     5
Armor: Robe              |    22 |    21 |   123 |   204 |       ||   370
       Steam dragon scal |       |       |       |    22 |   453 ||   475
Dodge: Dodged            |    69 |    79 |   227 |   498 |  1191 ||  2064
